 Dungeon Crawl Stone Soup version 0.32-a0-411-g744942f433 (webtiles) character file.

Game seed: 3820232726261909972

5981 PriceMaster the Thaumaturge (level 10, 0/47 HPs)
             Began as a Spriggan Conjurer on Feb 19, 2024.
             Was a High Priest of Zin.
             Succumbed to a killer bee's poison
             ... on level 9 of the Dungeon on Feb 21, 2024.
             The game lasted 00:40:21 (17593 turns).

PriceMaster the Thaumaturge (Spriggan Conjurer)    Turns: 17593, Time: 00:40:22

Health: 0/47       AC:  7    Str:  3    XL:     10   Next: 55%
Magic:  18/27      EV: 20    Int: 23    God:    Zin [*****.]
Gold:   129        SH:  0    Dex: 15    Spells: 9/33 levels left

rFire   . . .        r - +5 long sword (freeze)
rCold   . . .        c - orb {*channel}
rNeg    + . .        t - +2 robe {rN+}
rPois   .            (helmet restricted)
rElec   .            p - +2 cloak {Stlth+}
rCorr   .            (gloves unavailable)
SInv    +            (boots unavailable)
Will    +....        (no amulet)
Stlth   ++++         (no ring)
HPRegen 0.27/turn    (no ring)
MPRegen 0.20/turn

%: channel magic (20%)
@: lethally poisoned (0 -> -24), very slightly contaminated, very quick
A: very small, no large weapons, unfitting armour, see invisible, speed 3
a: Renounce Religion, Recite, Vitalisation, Imprison, Sanctuary, Donate Gold


You were on level 9 of the Dungeon.
You worshipped Zin.
Zin was extremely pleased with you.
You visited 1 branch of the dungeon, and saw 9 of its levels.

You collected 665 gold pieces.
You spent 217 gold pieces at shops.
You donated 319 gold pieces to Zin.

Inventory:

Hand Weapons
 g - a +0 dagger of freezing
 r - a +5 long sword of freezing (weapon)
 z - a +1 scimitar of freezing
Armour
 a - a +0 robe
 c - an orb of energy (worn)
 e - a +2 kite shield
 p - a +2 cloak of stealth (worn)
 t - a +2 robe of positive energy (worn)
 y - a +1 robe of fire resistance
Magical Staves
 n - a staff of fire
Jewellery
 f - a ring of fire
 j - a ring of poison resistance
 x - a ring of fire
Wands
 d - a wand of charming (4)
 h - a wand of flame (39)
 m - a wand of digging (4)
Scrolls
 i - a scroll of blinking {unknown}
 q - 2 scrolls of teleportation
 s - a scroll of revelation
 w - a scroll of identify
 B - a scroll of enchant armour
Potions
 k - a potion of berserk rage
 l - a potion of lignification {unknown}
 o - 2 potions of enlightenment
 u - a potion of brilliance {unknown}
 A - a potion of experience {unknown}


   Skills:
 + Level 2.5 Fighting
 + Level 1.0(2.2) Short Blades
 + Level 2.3(2.4) Long Blades
 + Level 7.0 Dodging
 + Level 6.2 Stealth
 + Level 12.0 Spellcasting
 + Level 6.2 Conjurations
 + Level 5.3 Hexes
 + Level 5.0 Translocations
 + Level 1.4 Ice Magic
 + Level 1.6 Invocations
 + Level 2.1 Evocations


You had 9 spell levels left.
You knew the following spells:

 Your Spells              Type           Power      Damage    Failure   Level
a - Magic Dart            Conj           100%       1d8       3%          1
b - Searing Ray           Conj           84%        2d7       3%          2
c - Sigil of Binding      Hex            38%        N/A       7%          3
d - Ozocubu's Armour      Ice            20%        N/A       21%         3
e - Iskenderun's Mystic   Conj/Tloc      39%        2d9       14%         4
f - Manifold Assault      Tloc           36%        N/A       17%         4
g - Hailstorm             Conj/Ice       31%        3d8       10%         3
h - Fulminant Prism       Conj/Alch      14%        3d8       30%         4

Your spell library contained the following spells:

 Spells                   Type           Power      Damage    Failure   Level
 Freeze                   Ice            80%        1d9       10%         1
 Dimensional Bullseye     Hex/Tloc       18%        N/A       16%         4
 Frozen Ramparts          Ice            40%        1d7       21%         3
 Call Canine Familiar     Summ           13%        N/A       32%         3
 Fugue of the Fallen      Necr           13%        N/A       32%         3
 Summon Mana Viper        Hex/Summ       26%        N/A       61%         5
 Summon Forest            Summ/Tloc      12%        N/A       63%         5
 Summon Cactus Giant      Summ           6%         N/A       100%        6


Dungeon Overview and Level Annotations

Branches:
Dungeon (9/15)             Temple (0/1) D:6            Lair (0/5) D:9
    Orc: D:9-12

Altars:
Ashenzari
Dithmenos
Gozag
Makhleb
Okawaru
Qazlal
Sif Muna
Trog
Zin
The Shining One

Shops:
D:1 (   D:6 [*


Innate Abilities, Weirdness & Mutations

You are very small and have problems with some larger weapons.
You are too small for most types of armour.
You have supernaturally acute eyesight. (SInv)
You cover ground extremely quickly. (Speed+++)


Message History

You erupt in a blast of force!
The mystic blast hits the killer bee!
The killer bee is heavily wounded.
The killer bee is knocked back by the mystic blast.
The killer bee collides with the killer bee!
The killer bee is moderately wounded.
The killer bee is almost dead.
Magical energy flows into your mind!
You feel very sick.
You hear an angry buzzing noise.
Casting: Iskenderun's Mystic Blast (quite dangerous; 14% risk of failure)
Confirm with . or Enter, or press ? or * to list all spells.
You miscast Iskenderun's Mystic Blast.
Nothing appears to happen.
Magical energy flows into your mind!
You feel sick. The killer bee misses you.
The killer bee stings you but does no damage.
The killer bee stings you.
You are more poisoned.
The killer bee poisons you!
Unknown command.
Casting: Iskenderun's Mystic Blast (quite dangerous; 14% risk of failure)
Confirm with . or Enter, or press ? or * to list all spells.
You miscast Iskenderun's Mystic Blast.
Nothing appears to happen.
Magical energy flows into your mind!
You feel very sick. The killer bee stings you.
* * * LOW HITPOINT WARNING * * *
You are lethally poisoned!
The killer bee poisons you! The killer bee stings you.
* * * LOW HITPOINT WARNING * * *
The killer bee stings you.
* * * LOW HITPOINT WARNING * * *
The killer bee stings you. Zin protects you from harm!
The killer bee stings you but does no damage.
The killer bee misses you.
Okay, then.
Okay, then.
Activating: Sanctuary (86% risk of failure)
Press: ? - help, Dir - look around, f - activate You fail to use your ability.
You die...

........#####.÷..................
.................................
...............÷.................
..#+######.......################
..#........#####.......#
..#........#/)(#.......#
..#........#$>[#.......#
..#........#$$(#.......#
.>#........#####@y.....#
..#............yy......#
..#............#†......#
..#...##.#######'##########
.........##....#y..........
^######........#.##.######. ..##
#........#.##.# ...#
#........+.##.#
..#####........#.##.# ##


You could see 4 killer bees.

Vanquished Creatures
  A two-headed ogre (D:8)
  Jeremiah (D:7)
  Grinder (D:4)
  A wraith (D:7)
  5 yaks (D:7)
  3 ice beasts
  3 sky beasts
  An orc warrior (D:9)
  3 black bears
  2 wolves (D:9)
  An ogre (D:5)
  A centaur (D:7)
  A phantom (D:6)
  A kobold brigand (D:8)
  2 scorpions
  2 gnoll sergeants
  15 wights
  6 killer bees
  3 howler monkeys (D:9)
  4 electric eels (D:7)
  A bombardier beetle (D:4)
  2 quasits (D:6)
  A gnoll bouda (D:7)
  5 orc priests
  7 hounds
  4 iguanas
  4 orc wizards
  5 adders
  13 gnolls
  4 shadow imps
  4 white imps
  7 ufetubi
  9 dart slugs
  A ribbon worm (D:4)
  8 orcs
  6 bats
  4 endoplasms
  A giant cockroach (D:1)
  5 goblins
  8 hobgoblins
  4 kobolds
  2 quokkas
  5 ball pythons
  3 frilled lizards
  2 rats (D:1)
172 creatures vanquished.

Vanquished Creatures (collateral kills)
  A gnoll (D:7)
1 creature vanquished.

Vanquished Creatures (others)
  A dart slug (D:7)
  3 fulminant prisms (D:9)
4 creatures vanquished.

Grand Total: 177 creatures vanquished

Notes
Turn   | Place    | Note
-------+----------+-------------------------------------------
     0 | D:1      | PriceMaster the Spriggan Conjurer began the quest for the
                  | Orb.
     0 | D:1      | Reached XP level 1. HP: 9/9 MP: 5/5
   312 | D:1      | Found Tythahai's Weapon Emporium.
   321 | D:1      | Reached XP level 2. HP: 8/13 MP: 0/6
   404 | D:1      | Learned a level 2 spell: Searing Ray
   469 | D:1      | Found a faded altar of an unknown god.
  1161 | D:2      | Reached skill level 3 in Spellcasting
  1161 | D:2      | Reached XP level 3. HP: 9/16 MP: 0/8
  1369 | D:1      | Prayed at the altar of an unknown god.
  1369 | D:1      | Became a worshipper of Zin the Law-Giver
  1369 | D:1      | Reached * piety under Zin
  1369 | D:1      | Reached ** piety under Zin
  2152 | D:2      | Found a bloodstained altar of Trog.
  3479 | D:3      | Reached XP level 4. HP: 21/21 MP: 7/10
  3587 | D:3      | Reached *** piety under Zin
  3607 | D:3      | Found an opulent altar of Gozag.
  4256 | D:4      | Found a shimmering blue altar of Sif Muna.
  4262 | D:4      | Found a bloodstained altar of Trog.
  4335 | D:4      | Reached XP level 5. HP: 21/24 MP: 0/11
  4339 | D:4      | Learned a level 3 spell: Fugue of the Fallen
  4461 | D:4      | Noticed a black bear
  4466 | D:4      | Killed a black bear
  4467 | D:4      | Reached skill level 4 in Spellcasting
  4841 | D:4      | Reached XP level 6. HP: 28/28 MP: 1/13
  4860 | D:4      | Identified the +2 ring mail of Stained Happiness {rN+
                  | Str+3}
  4963 | D:4      | Found a shadowy altar of Dithmenos.
  4996 | D:4      | Donated 140 gold pieces to Zin
  5027 | D:4      | Reached **** piety under Zin
  5359 | D:4      | Reached skill level 5 in Stealth
  5533 | D:4      | Noticed Grinder
  5533 | D:4      | Paralysed by Grinder for 3 turns
  5546 | D:4      | Killed Grinder
  5547 | D:4      | Reached skill level 5 in Spellcasting
  5547 | D:4      | Reached skill level 5 in Conjurations
  5547 | D:4      | Reached XP level 7. HP: 32/32 MP: 6/16
  5693 | D:4      | Donated 102 gold pieces to Zin
  5741 | D:4      | Learned a level 3 spell: Sigil of Binding
  5816 | D:5      | Entered Level 5 of the Dungeon
  5981 | D:5      | Found a broken altar of Ashenzari.
  6001 | D:5      | Found a glowing golden altar of the Shining One.
  6127 | D:5      | Reached ***** piety under Zin
  6201 | D:5      | Reached skill level 6 in Spellcasting
  6492 | D:5      | Reached skill level 1 in Hexes
  6521 | D:5      | Reached skill level 1 in Short Blades
  6699 | D:5      | Found an iron altar of Okawaru.
  6843 | D:5      | Found a burning altar of Makhleb.
  6875 | D:6      | Found Ea-nāṣir's Fine Metal Goods.
  6923 | D:6      | Found a stormy altar of Qazlal.
  7117 | D:6      | Reached skill level 7 in Spellcasting
  7278 | D:6      | Reached XP level 8. HP: 37/37 MP: 7/19
  7473 | D:6      | Found a staircase to the Ecumenical Temple.
  7652 | D:6      | Zin protects you from harm!
  7657 | D:6      | Reached skill level 8 in Spellcasting
  7864 | D:6      | HP: 1/37 [white imp/puff of frost (12)]
  8344 | D:6      | Found Raonlerch's Antique Armour Shop.
  8804 | D:6      | Bought a runed cloak for 217 gold pieces
  9339 | D:7      | Reached skill level 1 in Invocations
  9340 | D:7      | Reached skill level 1 in Fighting
  9341 | D:7      | HP: 1/37 [ice beast (6)]
  9344 | D:7      | Zin protects you from harm!
  9504 | D:7      | Reached skill level 5 in Dodging
  9504 | D:7      | Reached skill level 9 in Spellcasting
  9774 | D:7      | Learned a level 3 spell: Ozocubu's Armour
  9816 | D:7      | Reached XP level 9. HP: 33/42 MP: 15/23
  9850 | D:7      | Noticed Jeremiah
  9866 | D:7      | Killed Jeremiah
  9887 | D:7      | Donated 4 gold pieces to Zin
  9889 | D:7      | HP: 1/42 [gnoll/+0 flail[a gnoll sergeant] (5)]
 10232 | D:7      | Reached skill level 1 in Long Blades
 10349 | D:7      | Reached skill level 10 in Spellcasting
 10723 | D:7      | HP: 2/43 [yak (14)]
 10760 | D:7      | Was placed under penance by Zin
 10780 | D:7      | Reached skill level 1 in Evocations
 11091 | D:7      | Donated 7 gold pieces to Zin
 11364 | D:7      | Reached skill level 1 in Ice Magic
 11594 | D:8      | Learned a level 4 spell: Iskenderun's Mystic Blast
 12573 | D:7      | Reached skill level 5 in Hexes
 13307 | D:7      | Reached XP level 10. HP: 46/47 MP: 12/25
 13318 | D:7      | Learned a level 4 spell: Dimensional Bullseye
 14011 | D:7      | Reached skill level 11 in Spellcasting
 14128 | D:7      | Learned a level 3 spell: Hailstorm
 14904 | D:8      | Learned a level 4 spell: Manifold Assault
 14976 | D:8      | Was forgiven by Zin
 15405 | D:8      | Upgraded the game from 0.32-a0-391-gce5c0aab1b to
                  | 0.32-a0-411-g744942f433
 16425 | D:8      | Noticed a two-headed ogre
 16672 | D:8      | Killed a two-headed ogre
 16852 | D:8      | Learned a level 4 spell: Fulminant Prism
 17362 | D:9      | Reached skill level 12 in Spellcasting
 17362 | D:9      | Reached skill level 5 in Translocations
 17468 | D:9      | Found a staircase to the Lair.
 17592 | D:9      | Zin protects you from harm!
 17593 | D:9      | Succumbed to a killer bee's poison

Illustrated notes

Levels and vault maps discovered:
D:1:      minmay_arrival_widening_spiral_wide, layout_basic,
          nicolae_ecumenical_lake_church, serial_shops,
          nicolae_shop_tiny_real_fake_doors, chequers_serial_rivers_micro_c
D:2:      layout_basic, basic_altar, grunt_ministairs_3
D:3:      cheibrodos_greedy_goblins, layout_basic,
          mainiacjoe_overflow_tiny_flanked
D:4:      kennysheep_big_flooded_room, layout_basic,
          hellmonk_overflow_destroyed_library, lemuel_round_altar, uniq_grinder
D:5:      layout_cave_pools, lightli_temple_of_fire,
          mainiacjoe_overflow_alcove_4, lemuel_doored_altar,
          mainiacjoe_overflow_concentric_impassable
D:6:      layout_cave_pods, grunt_qazlal_sundering, minmay_temple_entry_tees,
          serial_shops, shop, serial_demonic, serial_demonic_a,
          serial_demonic_f, serial_demonic_e, serial_demonic_b,
          serial_demonic_a, serial_demonic_e, nicolae_ea-nasir_strikes_again,
          hex_tiny
D:7:      kennysheep_slugbush, layout_basic, hangedman_decor_points,
          uniq_jeremiah
D:8:      layout_cave_pods, kennysheep_generic_room_11
D:9:      layout_stronghold, chequers_temple_overflow_minitemple,
          erik_lair_orcish_takeover, enter_bailey_2,
          nicolae_straight_to_the_point

Skill      XL: |  1  2  3  4  5  6  7  8  9 10 |
---------------+-------------------------------+-----
Conjurations   | 3 4 5 6 |  6.2
Dodging        | 3 4 5 6 7 |  7.0
Spellcasting   | 3 4 5 7 9 10 12 | 12.0
Stealth        | 4 5 6 |  6.2
Hexes          | 2 3 5 |  5.3
Short Blades   | 1 |  1.0
Invocations    | 1 |  1.6
Fighting       | 1 2 |  2.5
Long Blades    | 1 2 |  2.3
Evocations     | 1 2 |  2.1
Ice Magic      | 1 |  1.4
Translocations | 2 5 |  5.0

Action                     |  1- 3 |  4- 6 |  7- 9 | 10-12 || total
---------------------------+-------+-------+-------+-------++-------
  Melee: Unarmed           |     3 |       |       |       ||     3
         Dagger            |     3 |    14 |    27 |       ||    44
         Long sword        |       |       |    31 |    66 ||    97
   Cast: Magic Dart        |    56 |    36 |   161 |    28 ||   281
         Searing Ray       |     2 |    18 |    61 |     5 ||    86
         Sigil of Binding  |       |       |    40 |     6 ||    46
         Ozocubu's Armour  |       |       |     4 |     6 ||    10
         Iskenderun's Myst |       |       |     7 |    13 ||    20
         Manifold Assault  |       |       |       |    25 ||    25
         Hailstorm         |       |       |       |    14 ||    14
         Fulminant Prism   |       |       |       |     3 ||     3
         Dimensional Bulls |       |       |       |     2 ||     2
 Invoke: Donate Gold       |       |     1 |     3 |       ||     4
         Vitalisation      |       |       |     1 |       ||     1
         Recite            |       |       |     2 |       ||     2
  Evoke: Wand              |       |       |    17 |     5 ||    22
    Use: Scroll            |     3 |     2 |    16 |     6 ||    27
         Potion            |       |       |    10 |     2 ||    12
   Stab: Sleeping          |     1 |       |     2 |       ||     3
 Armour: Robe              |     6 |    13 |    85 |    30 ||   134
  Dodge: Dodged            |    11 |    23 |   156 |    43 ||   233

Table legend: (Time is in decaauts)
 A = Elapsed time spent in this place.
 B = Non-inter-level travel time spent in this place.
 C = Inter-level travel time spent in this place.
 D = Time resting spent in this place.
 E = Time spent auto-exploring this place.
 F = Levels seen in this place.
 G = Mean time per level.
                   A        B        C        D        E       F      G
               +--------+--------+--------+--------+--------+-----+--------+
         Total |  14698 |  13817 |    881 |   7049 |   5219 |   9 | 1633.1 |
       Dungeon |  14698 |  13817 |    881 |   7049 |   5219 |   9 | 1633.1 |
               +--------+--------+--------+--------+--------+-----+--------+

Top non-repeatable levels by time:
     D:7: 4467 daAuts
     D:8: 2536 daAuts
     D:6: 2035 daAuts
     D:4: 1334 daAuts
     D:2: 1137 daAuts
     D:1: 1064 daAuts
     D:5: 876 daAuts
     D:3: 703 daAuts
     D:9: 542 daAuts
